Unix NetHack Version 5.0.0-0 post-release - last build May 10 2026 23:12:36 (d1fa5d53e341ca933230fdaa984d921c805b60aa,branch:main).

Game began 2026-05-14 18:22:08, ended 2026-05-14 19:08:50.

Koku, neutral female gnomish Wizard

                                                       -----
                                          -----        |...-#
                         ------           |....########|...|#
                         .@....#####      |...|       #....|#
                         .....|    ###    |...|        |...|#
                            ..|      #####....|        -----######
                                    ######|...|                  #
                                         #..(..                  #
                                          -----                  #----------
                                                                 #.........|
                                                                  |........|
                                                                  |........|
                                                                  |........|
                                                                  |.......<|
                                                                  |........|
                                                                  ----------

Koku the Conjurer         St:11 Dx:16 Co:15 In:17 Wi:11 Ch:9  Neutral
Dlvl:4  $:157 HP:13(42) Pw:53(53) AC:7  Xp:5 T:2436  Blind

Latest messages:
 Hello Koku, the gnomish Wizard, welcome back to NetHack!
 You feel an unseen monster!
 You feel an unseen monster!
 You feel an unseen monster!
 You feel an unseen monster!
 You feel an unseen monster!
 You feel an unseen monster!
 You feel an unseen monster!
 You feel an unseen monster!
 You feel an unseen monster!
 This door is locked.
 You hear some noises.
 In what direction? 4
 As you kick the door, it crashes open!
 You feel an unseen monster!
 You feel strong!
 You must have been exercising diligently.
 You feel tough!
 You must have been leading a healthy life-style.
 You feel an unseen monster!
 You feel an unseen monster!
 You feel an unseen monster!
 You hear some noises.
 You feel an unseen monster!
 It bites!
 You feel an unseen monster!
 It bites!
 It bites!
 It bites!
 It bites!
 It misses!
 It bites!
 It bites!
 It bites!
 What do you want to drink? [sDES or ?*] S
 As you open the bottle, something emerges.
 It bites!
 It bites!
 You hear someone cursing shoplifters.
 You feel an unseen monster!
 It bites!
 It misses!
 You hear the chime of a cash register.
 Really quit without saving? [yn] (n) y
 Do you want your possessions identified? [ynq] (y) y
 Do you want to see your attributes? [ynq] (y) y
 Do you want an account of creatures vanquished? [ynaq] (y) y
 Do you want a list of species genocided? [ynq] (y) y
 Do you want to see your conduct and achievements? [ynq] (y) y
 Do you want to see the dungeon overview? [ynq] (y) y

Inventory:
 Coins    ('$')
  $ - 157 gold pieces
 Weapons  (')')
  a - a blessed +1 quarterstaff (weapon in hands)
 Armor    ('[')
  f - an uncursed +0 orcish helm (being worn)
  u - an uncursed +0 pair of kicking boots named kicking (being worn)
  b - an uncursed +0 cloak of magic resistance (being worn)
 Comestibles  ('%')
  i - 2 uncursed cram rations
  y - 3 uncursed food rations
 Scrolls  ('?')
  h - a cursed scroll of amnesia
  j - a blessed scroll of destroy armor
  U - an uncursed scroll of earth
  x - an uncursed scroll of enchant armor
  z - an uncursed scroll of food detection
  G - an uncursed scroll of light
  o - an uncursed scroll of scare monster
 Spellbooks  ('+')
  k - a blessed spellbook of force bolt
  l - an uncursed spellbook of wizard lock
 Potions  ('!')
  E - an uncursed potion of confusion
  s - an uncursed potion of fruit juice
  D - an uncursed potion of gain energy
 Rings    ('=')
  e - an uncursed +1 ring of gain constitution (on right hand)
  d - an uncursed ring of slow digestion (on left hand)
 Wands    ('/')
  c - a wand of cold (0:8)
  t - a blessed wand of death (0:7)
  I - a wand of sleep (0:8)
  F - a wand of speed monster (0:6)
  J - a wand of striking (0:4)
 Tools    ('(')
  v - an uncursed sack containing 3 items
  T - an uncursed brass lantern
  A - a magic marker (0:79)
  K - an uncursed magic whistle
  H - a cursed tallow candle
  N - an uncursed towel
 Gems/Stones  ('*')
  p - a cursed chrysoberyl stone
  V - an uncursed worthless piece of green glass
  w - 2 uncursed worthless pieces of orange glass
  L - a cursed worthless piece of violet glass
  C - an uncursed worthless piece of yellow glass

Contents of the sack:
  4 blessed +2 darts
  an uncursed clove of garlic
  a magic marker (0:20)

Koku the Wizard's attributes:

Background:
 You were a Conjurer, a level 5 female gnomish Wizard.
 You were neutral, nominally on a mission for Thoth
 who was opposed by Ptah (lawful) and Anhur (chaotic).
 You were right-handed.
 You were in the Dungeons of Doom, on level 4.
 You entered the dungeon 2436 turns ago.
 You had 192 experience points, 128 more were needed to attain level 6.

Basics:
 You had 13 out of 42 hit points.
 You had all 53 energy points (spell power).
 Your armor class was 7.
 Your wallet contained 157 zorkmids.
 Autopickup was off.

Final Characteristics:
 Your strength was 11 (limit:18/50).
 Your dexterity was 16 (limit:18).
 Your constitution was 15 (base:14, limit:18).
 Your intelligence was 17 (limit:19).
 Your wisdom was 11 (limit:18).
 Your charisma was 9 (limit:18).

Final Status:
 You were temporarily blind.
 You weren't hungry.
 You were unencumbered.
 You were wielding a quarterstaff.
 You had basic skill with quarterstaff.

Final Attributes:
 You were piously aligned.
 You were magic-protected.
 You had infravision.
 You had slower digestion.
 You were warded.
 You survived.

Miscellaneous:
 You didn't encounter any bones levels.
 Total elapsed playing time was 16 minutes and 59 seconds.

Major events:
 Turn
    1: Koku the neutral female gnomish Wizard entered the dungeon
   32: performed her first genocide (large mimics)
  886: attained the rank of Conjurer (level 3)
 1574: entered the Gnomish Mines
 2436: quit

Spells:
 Name                 Level Category     Fail Retention
 force bolt             1   attack         0%   81%-90%
 wizard lock            2   matter        70%  76%-100%

Skills:
 Fighting Skills
   bare handed combat [Unskilled]
   riding             [Unskilled]
 Weapon Skills
   dagger             [Unskilled]
   knife              [Unskilled]
   axe                [Unskilled]
   short sword        [Unskilled]
   club               [Unskilled]
   mace               [Unskilled]
   quarterstaff       [Basic]
   polearms           [Unskilled]
   spear              [Unskilled]
   trident            [Unskilled]
   sling              [Unskilled]
   dart               [Unskilled]
   shuriken           [Unskilled]
 Spellcasting Skills
   attack spells      [Basic]
   healing spells     [Unskilled]
   divination spells  [Unskilled]
   enchantment spells [Basic]
   clerical spells    [Unskilled]
   escape spells      [Unskilled]
   matter spells      [Unskilled]

Voluntary challenges:
 Character rerolling was not enabled.
 You were an atheist.
 You genocided 1 type of monster.
 You never polymorphed an object.
 You never changed form.
 You used no wishes.
Achievements:
 You entered a shop.
 You attained the rank of Conjurer.
 You entered the Gnomish Mines.

 The Dungeons of Doom: levels 1 to 4
    Level 1:
    Level 2:
       A general store.
    Level 3:
       A fountain, a sink.
       Stairs down to The Gnomish Mines.
    Level 4: <- You were here.
 The Gnomish Mines: levels 4 to 5
    Level 4:
    Level 5:


Vanquished creatures:
  a small mimic
 an imp
  a shrieker
  a gray ooze
  a little dog
  a dwarf
  2 rothes
  2 werejackals
 an iguana
  a hobbit
  5 manes
  a large kobold
  a brown mold
  a gnome
  3 gnome zombies
  3 geckos
  7 jackals
  a kobold
  2 goblins
  2 sewer rats
  7 grid bugs
  a bat
  3 lichens
  3 kobold zombies
  2 newts
54 creatures vanquished.

Genocided species:
 large mimics
1 species genocided.

Goodbye Koku the Wizard...

You quit in The Dungeons of Doom on dungeon level 4 with 1135 points,
and 157 pieces of gold, after 2436 moves.
You were level 5 with a maximum of 42 hit points when you quit.

